 Dungeon Sprint DCSS version 0.17-a0-1831-gaadb308 (webtiles) character file.

186 Kidiri the Covert (level 5, -1/22 (24) HPs)
             Began as a Spriggan Enchanter on Sept 14, 2015.
             Slain by a necrophage (4 damage)
             ... in the Dungeon (Sprint II: "The Violet Keep of Menkaure").
             The game lasted 00:03:07 (336 turns).

Kidiri the Covert (Spriggan Enchanter)               Turns: 336, Time: 00:03:07

HP:   -1/22 (24)    AC:  3    Str:  4    XL:     5   Next: 38%
MP:   15/15         EV: 24    Int: 17    God:
Gold: 243           SH:  0    Dex: 17    Spells: 2 memorised, 14 levels left

rFire  . . .     SeeInvis +     a - +1 dagger
rCold  . . .     Clarity  .     b - +1 robe
rNeg   . . .     SustAt   .     (shield restricted)
rPois  .         Gourm    .     (helmet restricted)
rElec  .         Spirit   .     (no cloak)
rCorr  .         Warding  .     (gloves unavailable)
rMut   .         NoTele   +     (boots unavailable)
MR     .....                    (no amulet)
Stlth  +++++.....               (no ring)
                                (no ring)

@: exhausted, very slightly contaminated, non-regenerating, mildly diseased,
hasted, very quick, not resistant to hostile enchantments, quite stealthy
A: unfitting armour, see invisible, herbivore 3, speed 3, slow metabolism 2
a: no special abilities


You were in the Dungeon.
You were not hungry.

You visited 1 branch You collected 243 gold pieces.

Inventory:

Hand weapons
 a - a +1 dagger (weapon)
Armour
 b - a +1 robe (worn)
Scrolls
 j - a scroll of blinking
Potions
 h - 2 potions of magic
Books
 c - a book of Maledictions

   Spells                             Type                      Level
   a - Corona                         Hexes                        1
   b - Ensorcelled Hibernation        Hexes/Ice                    2
   c - Confuse                        Hexes                        3
   d - Tukima's Dance                 Hexes                        3
   e - Dazzling Spray                 Conjuration/Hexes            3
Comestibles
 d - a bread ration


   Skills:
 + Level 4.0 Short Blades
 * Level 8.1 Dodging
 * Level 9.4 Stealth
 * Level 6.8 Spellcasting
 + Level 5.7 Hexes
 + Level 2.5 Ice Magic


You had 14 spell levels left.
You knew the following spells:

 Your Spells              Type           Power        Failure   Level  Hunger
a - Corona                Hex            ####...      1%          1    None
b - Ensorcelled Hibernat  Hex/Ice        ###...       3%          2    None


Dungeon Overview and Level Annotations

Branches:
Dungeon (1/1)

Altars:

Annotations:
D Roxanne


Innate Abilities, Weirdness & Mutations

You are tiny and cannot use many weapons and most armour.
You have supernaturally acute eyesight.
You are a herbivore.
You cover ground extremely quickly.
You need consume almost no food.


Message History

You hit the necrophage but do no damage.
The necrophage is heavily damaged.
The necrophage hits you.
* * * LOW HITPOINT WARNING * * *
Unknown command.
Drink which item? (? for menu, Esc to quit)
You feel yourself speed up. The necrophage completely misses you.
You are very lightly contaminated with residual magic.
You closely miss the necrophage.
The necrophage is heavily damaged.
The necrophage hits you but does no damage.
You hit the necrophage.
The necrophage is heavily damaged.
You hit the necrophage.
The necrophage is severely damaged.
The necrophage misses you.
You barely miss the necrophage.
The necrophage is severely damaged.
The necrophage hits you.
You die...

## ## ##. .## ##
.m#.. .# # ... ###
.## #H #+###.##..#
#.##.##...#..#
#+.n.†$##'..#
#.##n##...#....#
#H #@###.##....§.≈
# ###..####
§..§..≈ #.##..#
≈≈≈≈..≈ ##.#.##
≈≈≈≈≈X≈ ##+##
§≈≈≈§§≈
#≈≈≈≈≈≈≈≈≈≈§≈≈≈≈§§
#+++#+++#≈§≈ ≈§§
≈§§


You could see 2 necrophages.

Vanquished Creatures
  2 necrophages (D)
  3 worms (D)
5 creatures vanquished.

Notes
Turn   | Place    | Note
--------------------------------------------------------------
     0 | D        | Kidiri the Spriggan Enchanter began the quest for the Orb.
     0 | D        | Reached XP level 1. HP: 9/9 MP: 5/5
     1 | D        | Noticed a siren
     4 | D        | Noticed a hippogriff
     4 | D        | Noticed a hippogriff
    10 | D        | Noticed a necrophage
    10 | D        | Noticed a necrophage
    10 | D        | Noticed a necrophage
    10 | D        | Noticed a necrophage
    16 | D        | Reached skill level 5 in Stealth
    29 | D        | Noticed Roxanne
    64 | D        | Reached XP level 2. HP: 5/13 MP: 3/7
   109 | D        | Learned a level 2 spell: Ensorcelled Hibernation
   284 | D        | Killed a necrophage
   284 | D        | Reached skill level 6 in Dodging
   284 | D        | Reached skill level 8 in Stealth
   284 | D        | Reached skill level 5 in Spellcasting
   284 | D        | Reached skill level 5 in Hexes
   284 | D        | Reached skill level 1 in Ice Magic
   284 | D        | Reached XP level 3. HP: 16/16 MP: 8/11
   284 | D        | Reached XP level 4. HP: 21/21 MP: 8/12
   293 | D        | Killed a necrophage
   293 | D        | Reached skill level 9 in Stealth
   293 | D        | Reached XP level 5. HP: 24/24 MP: 9/15
   305 | D        | Noticed a kraken
   336 | D        | Slain by a necrophage

Vault maps used:
D:        the_violet_keep_of_menkaure

Action                   |  1- 3 |  4- 6 || total
-------------------------+-------+-------++-------
Melee: Dagger            |    21 |    33 ||    54
 Cast: Corona            |     4 |       ||     4
  Use: Potion            |     2 |     2 ||     4
 Stab: Sleeping          |     2 |       ||     2
